 Dungeon Crawl Stone Soup version 0.29-a0-575-g0dc89cf053 (webtiles) character file.

Game seed: 315022749251474643

3 shoop the Insei (level 1, 0/16 HPs)
             Began as a Meteoran Transmuter on June 12, 2022.
             Slain by a hobgoblin (2 damage)
             ... on level 1 of the Dungeon.
             The game lasted 00:00:46 (109 turns).

shoop the Insei (Meteoran Transmuter)                Turns: 109, Time: 00:00:47

Health: 0/16       AC:  2    Str: 11    XL:     1   Next: 71%
Magic:  4/5        EV: 12    Int: 14    God:
Gold:   26         SH:  0    Dex: 14    Spells: 4/5 levels left

rFire   . . .      SeeInvis .     - Unarmed
rCold   . . .      Faith    .   (no shield)
rNeg    . . .      Spirit   .   a - +0 robe
rPois   .          Reflect  .   (helmet currently unavailable)
rElec   .          Harm     .   (no cloak)
rCorr   .          Rampage  .   (no gloves)
Will    .....                   (boots currently unavailable)
Stlth   +.........              (no amulet)
HPRegen 0.05/turn               (no ring)
MPRegen 0.09/turn               (no ring)

@: appendages, glowing
A: horns 2, talons 2, sense surroundings 1, otherworldly, glowing, explore regen
a: End Transformation


You were on level 1 of the Dungeon.
You had temporarily grown beastly horns and talons.
You visited 1 branch of the dungeon, and saw 1 of its levels.

You collected 26 gold pieces.

Inventory:

Armour
 a - a +0 robe (worn)
Scrolls
 c - a scroll of fog {unknown}
 d - a scroll of vulnerability {unknown}
Potions
 b - a potion of lignification
 e - a potion of degeneration {unknown}


   Skills:
 - Level 1.1 Fighting
 - Level 2.4 Dodging
 + Level 3.9 Unarmed Combat
 - Level 2.6 Spellcasting
 - Level 2.4 Transmutations


You had 4 spell levels left.
You knew the following spells:

 Your Spells              Type           Power      Damage    Failure   Level
a - Beastly Appendage     Tmut           16%        N/A       9%          1

Your spell library contained the following spells:

 Spells                   Type           Power      Damage    Failure   Level
 Wereblood                Tmut           8%         N/A       12%         2
 Spider Form              Tmut/Pois      5%         N/A       38%         3
 Ice Form                 Ice/Tmut       5%         N/A       80%         4


Dungeon Overview and Level Annotations

Branches:
Dungeon (1/15)

Altars:


Innate Abilities, Weirdness & Mutations

You have temporarily grown beastly horns and talons.
You passively map a small area around you.
You are easily found by Zot.
You glow in the dark.
You regain HP and MP as you explore.


Message History

The goblin shouts!
You hear a shout!
A quokka comes into view.
Found a dagger.
Found 16 gold pieces.
A kobold comes into view. It is wielding a +0 short sword.
The kobold shouts!
You see here a red potion.
e - a red potion Your horns disappear.
Your talons disappear.
The quokka bites you.
A hobgoblin comes into view.
Found a dagger.
Found a stone staircase leading down.
The hobgoblin shouts!
The quokka bites you.
A goblin comes into view. It is wielding a +0 dagger.
You see here a scroll labelled QIOHEISHITWO.
The quokka bites you.
There is a stone staircase leading down here.
The kobold attacks as you move away!
The kobold hits you with a +0 short sword.
A hobgoblin comes into view.
The hobgoblin shouts!
The hobgoblin hits you.
* * * LOW HITPOINT WARNING * * *
A giant cockroach comes into view.
Found a leather armour.
The quokka twitches its whiskers.
A bat comes into view.
The kobold attacks as you move away! The kobold closely misses you.
The giant cockroach bites you but does no damage.
The giant cockroach attacks as you move away!
The giant cockroach barely misses you. The hobgoblin attacks as you move away!
The hobgoblin hits you.
* * * LOW HITPOINT WARNING * * *
Casting: Beastly Appendage (safe; 9% risk of failure)
Confirm with . or Enter, or press ? or * to list all spells.
You grow a pair of large bovine horns.
Your feet morph into talons.
The hobgoblin misses you.
You barely miss the hobgoblin. The hobgoblin hits you.
You die...

.........g# #.........###P♣.#
..........# #.....##...###P.+,
..........# #......#...######*
....#g.#### #......#....## ...
##?.# #............######
.#####>#####
##.####..#........# #.........#
#..# #..##........
#......ggr#####.###..######....
#........BbgKg@[...... #.#..
#######...######.#####. #....
#...# * ,# ..* ###.. *...... ,
* *. *#.. #........ , , #..
#.......... .###. ,
,............ #.....
........... ####.( , , * ##..


You could see a quokka, a giant cockroach, 2 hobgoblins, 2 goblins, a bat and a
kobold.

Vanquished Creatures
  A ball python (D:1)
  A hobgoblin (D:1)
  A rat (D:1)
3 creatures vanquished.

Notes
Turn   | Place    | Note
-------+----------+-------------------------------------------
     0 | D:1      | shoop the Meteoran Transmuter began the quest for the Orb.
     0 | D:1      | Reached XP level 1. HP: 16/16 MP: 5/5
   109 | D:1      | Slain by a hobgoblin

Illustrated notes

Levels and vault maps discovered:
D:1:      denvon_arrival_planthouse, layout_rooms

Action                   || total
-------------------------++-------
Melee: Unarmed           ||     6
       Headbutt          ||     2
       Kick              ||     1
 Cast: Beastly Appendage ||     4
Armor: Robe              ||     2
Dodge: Dodged            ||     4

Table legend: (Time is in decaauts)
 A = Elapsed time spent in this place.
 B = Non-inter-level travel time spent in this place.
 C = Inter-level travel time spent in this place.
 D = Time resting spent in this place.
 E = Time spent auto-exploring this place.
 F = Levels seen in this place.
 G = Mean time per level.
                   A        B        C        D        E       F      G
               +--------+--------+--------+--------+--------+-----+--------+
         Total |    108 |    108 |      0 |      0 |     30 |   1 |  108.0 |
       Dungeon |    108 |    108 |      0 |      0 |     30 |   1 |  108.0 |
               +--------+--------+--------+--------+--------+-----+--------+

Top non-repeatable levels by time:
     D:1: 108 daAuts
